Map: Proxima Station LE

Players

Dark - Winner!

  • Race: Zerg Zerg
  • Spawn Location: 1:00

Solar

  • Race: Zerg Zerg
  • Spawn Location: 7:00

Event: IEM XI Katowice - World Championship 2017

VOD

Have the link to the VOD?

Description

Time

  • Played on: March 4, 2017, 7:39 a.m.
  • Length: 13:37

All games in this series

Show
View Real Time Build Order
Export as new Build Order

Dark Zerg - Winner!

Build Orders: Pool First, Zergling Baneling 

Get SALT Encoding   

  12  0:00  Drone  
  13  0:11  Extractor  
  13  0:13  Drone  
  13  0:29  Spawning Pool  
  13  0:33  Drone  
  13  0:37  Drone  
  14  0:48  Overlord  
  14  0:58  Extractor  
  14  0:59  Drone  
  15  1:15  Metabolic Boost  
  15  1:17  Queen  
  17  1:22  Zergling x2  
  18  1:28  Zergling x2  
  18  1:31  Zergling x2  
  20  1:40  Baneling Nest  
  20  1:44  Zergling x2  
  20  1:48  Zergling x2  
  21  1:56  Overlord  
  21  2:13  Zergling x2  
  22  2:26  Zergling x8  
  26  2:37  Zergling x2  
  27  2:46  Baneling  
  27  2:47  Baneling x3  
  27  2:50  Zergling x2  
  28  2:59  Zergling x2  
  28  3:00  Zergling x2  
  27  3:13  Zergling x4  
  27  3:14  Baneling x2  
  27  3:17  Drone  
  29  3:33  Zergling x8  
  29  3:39  Zergling x2  
  29  3:40  Baneling x2  
  29  4:02  Zergling x2  
  29  4:05  Overlord  
  29  4:06  Hatchery  
  28  4:19  Baneling  
  28  4:24  Drone  
  28  4:25  Drone x2  
  28  4:31  Drone  
  31  4:34  Drone  
  27  4:49  Lair, Drone  
  27  4:53  Drone  
  27  4:58  Drone x2  
  27  4:59  Drone  
  31  5:09  Baneling  
  31  5:11  Drone  
  32  5:18  Extractor  
  32  5:19  Queen  
  32  5:20  Drone  
  33  5:28  Drone  
  33  5:29  Drone  
  35  5:46  Drone x2  
  36  5:50  Drone x2  
  36  5:51  Drone  
  36  5:54  Spire  
  36  5:55  Extractor, Drone  
  36  5:56  Extractor  
  37  5:58  Drone  
  36  6:08  Drone x3  
  39  6:15  Drone  
  40  6:18  Drone  
  40  6:24  Drone  
  41  6:25  Drone  
  41  6:26  Drone  
  41  6:28  Overlord  
  43  6:35  Overlord  
  43  6:37  Overlord  
  43  6:56  Drone x4  
  47  7:05  Mutalisk  
  47  7:06  Mutalisk x3  
  47  7:07  Mutalisk  
  47  7:08  Mutalisk  
  59  7:10  Mutalisk  
  61  7:15  Overlord  
  61  7:23  Roach Warren  
  60  7:35  Drone x2  
  62  7:38  Drone  
  62  7:40  Zergling x6  
  62  7:41  Overlord  
  62  7:42  Overlord  
  66  7:49  Hatchery  
  65  7:55  Drone  
  65  7:57  Evolution Chamber  
  65  8:03  Glial Reconstitution  
  65  8:04  Roach x3  
  71  8:07  Roach  
  71  8:12  Roach  
  75  8:14  Roach x2  
  75  8:18  Overseer  
  75  8:19  Roach  
  81  8:21  Roach  
  81  8:24  Zerg Missile Weapons Level 1  
  83  8:37  Overlord x2  
  83  8:43  Drone  
  84  8:53  Overlord  
  84  8:56  Roach  
  84  8:57  Roach x2  
  84  8:58  Roach x4  
  84  9:02  Roach  
  99  9:09  Roach x2  
  103  9:12  Roach  
  105  9:19  Queen  
  105  9:20  Roach x2  
  105  9:22  Ravager x3  
  114  9:28  Overlord  
  114  9:33  Overlord  
  114  9:36  Unknown  
  113  9:39  Overlord x2  
  113  9:42  Overlord  
  113  9:48  Roach x2, Ravager  
  113  9:49  Ravager x3  
  113  9:52  Roach x3  
  127  9:56  Roach  
  127  9:59  Drone x2  
  132  10:00  Drone x3  
  132  10:06  Roach x2  
  134  10:14  Roach  
  134  10:15  Ravager  
  134  10:16  Ravager  
  134  10:18  Roach x4  
  134  10:19  Roach  
  134  10:21  Roach  
  150  10:24  Roach  
  154  10:28  Roach  
  150  10:35  Roach  
  150  10:36  Roach  
  150  10:40  Roach x2  
  146  10:43  Roach  
  142  10:52  Roach x2  
  138  10:57  Roach x4  
  138  10:59  Roach  
  138  11:00  Roach  
  124  11:14  Roach x3  
  124  11:15  Roach x5  
  134  11:19  Zerg Missile Weapons Level 2  
  134  11:23  Ravager x2  
  134  11:24  Roach  
  138  11:36  Roach x5  
  142  11:41  Roach  
  142  11:45  Drone  
  145  11:47  Overseer  
  145  11:49  Drone  
  145  11:50  Overlord  
  145  11:53  Overlord  
  146  11:57  Overlord  
  146  11:58  Extractor  
  146  11:59  Overlord  
  145  12:16  Roach x2  
  145  12:17  Roach x3  
  124  12:23  Roach  
  124  12:24  Roach  
  124  12:26  Roach  
  124  12:27  Roach x3  
  124  12:28  Roach  
  117  12:31  Roach  
  117  12:33  Roach  
  117  12:34  Roach x2  
  117  12:35  Roach x2  
  117  12:36  Roach  
  119  12:43  Roach x2  
  119  12:44  Roach x3  
  125  12:45  Roach  
  125  12:47  Roach  
  125  12:51  Roach x2  
  133  12:55  Roach  
  133  12:57  Ravager  
  133  12:58  Ravager  
  137  13:01  Roach  
  137  13:03  Roach  
  137  13:04  Roach  
  143  13:06  Roach  
  143  13:09  Roach  
  143  13:12  Roach  
  149  13:14  Roach  
  149  13:19  Extractor  
Show
View Real Time Build Order
Export as new Build Order

Solar Zerg 

Build Orders: Hatch First 

Get SALT Encoding   

  12  0:00  Drone  
  13  0:11  Overlord  
  13  0:17  Drone  
  14  0:29  Drone  
  14  0:30  Drone  
  14  0:35  Drone  
  17  0:53  Hatchery  
  17  0:54  Drone  
  17  1:09  Spawning Pool  
  17  1:10  Drone  
  17  1:14  Drone  
  18  1:33  Hatchery  
  18  1:37  Drone  
  18  1:41  Drone  
  19  1:57  Zergling x2, Queen  
  22  2:05  Queen  
  22  2:06  Zergling x2  
  25  2:11  Overlord  
  25  2:14  Drone  
  26  2:17  Drone  
  26  2:21  Drone  
  28  2:30  Drone  
  28  2:31  Spine Crawler  
  28  2:34  Drone  
  29  2:39  Queen  
  29  2:40  Zergling x4  
  29  2:41  Queen  
  35  2:48  Spine Crawler  
  35  2:50  Zergling x2  
  35  2:56  Zergling x2  
  36  3:02  Overlord  
  36  3:07  Zergling x2  
  36  3:08  Zergling x2  
  36  3:10  Zergling x2  
  36  3:12  Zergling x4  
  31  3:24  Zergling x2  
  31  3:26  Zergling x2  
  31  3:30  Zergling x2  
  31  3:32  Zergling x2  
  27  3:36  Spine Crawler  
  26  3:41  Queen  
  28  3:50  Drone x2  
  28  3:55  Zergling x2  
  31  4:04  Zergling x4  
  32  4:15  Queen  
  34  4:21  Drone  
  34  4:24  Drone  
  35  4:27  Drone  
  35  4:30  Drone  
  36  4:37  Zergling x2  
  35  4:42  Zergling x2  
  35  4:51  Drone  
  35  4:57  Drone  
  36  5:00  Drone x2  
  36  5:05  Drone  
  38  5:12  Drone  
  39  5:17  Drone  
  39  5:21  Drone  
  41  5:24  Overlord  
  41  5:27  Drone  
  34  5:29  Drone  
  34  5:32  Drone  
  34  5:35  Drone  
  37  5:40  Drone  
  37  5:41  Drone  
  39  5:43  Drone  
  39  5:46  Extractor  
  39  5:48  Drone  
  39  5:50  Drone  
  39  5:53  Drone  
  40  5:57  Drone  
  40  6:00  Extractor  
  40  6:03  Drone  
  40  6:04  Drone  
  41  6:08  Drone x2  
  41  6:10  Drone  
  44  6:14  Drone x2  
  44  6:17  Drone  
  47  6:20  Drone x2  
  49  6:32  Evolution Chamber  
  48  6:38  Lair, Roach Warren  
  47  6:40  Overlord  
  47  6:42  Extractor, Drone  
  47  6:43  Drone  
  47  6:44  Drone  
  49  6:47  Drone  
  49  6:48  Drone  
  49  6:54  Overlord  
  51  6:56  Overlord  
  51  7:00  Zerg Missile Weapons Level 1, Drone  
  52  7:06  Overlord  
  52  7:16  Hatchery  
  52  7:18  Roach x2  
  52  7:21  Roach  
  57  7:29  Roach x3  
  63  7:37  Drone x5  
  63  7:40  Spore Crawler  
  63  7:41  Spore Crawler  
  65  7:46  Queen  
  65  7:49  Overlord  
  67  7:56  Drone  
  68  8:00  Glial Reconstitution  
  68  8:05  Spore Crawler  
  67  8:06  Queen, Infestation Pit  
  67  8:08  Extractor, Drone  
  67  8:10  Drone x2  
  67  8:12  Drone  
  71  8:13  Drone  
  71  8:15  Spore Crawler  
  71  8:17  Drone  
  72  8:20  Overseer  
  72  8:23  Overlord  
  72  8:25  Drone  
  72  8:27  Drone  
  74  8:30  Drone x2  
  74  8:32  Drone  
  74  8:33  Drone  
  73  8:38  Drone x2  
  73  8:40  Drone  
  75  8:43  Burrow  
  75  8:47  Infestor  
  77  8:50  Infestor  
  77  8:54  Drone x2  
  80  8:55  Extractor  
  80  8:58  Spore Crawler  
  80  9:00  Drone  
  80  9:01  Drone  
  77  9:04  Infestor  
  77  9:06  Drone  
  78  9:11  Overlord  
  78  9:12  Drone  
  83  9:17  Roach x2  
  83  9:22  Roach x2  
  87  9:26  Overlord  
  87  9:29  Roach  
  87  9:30  Roach  
  92  9:31  Ravager x2  
  92  9:32  Roach  
  92  9:35  Overlord  
  92  9:37  Roach  
  97  9:42  Overlord  
  97  9:45  Roach Warren, Roach  
  98  9:48  Roach  
  98  9:51  Roach  
  104  9:52  Roach  
  104  9:56  Ravager  
  104  9:58  Roach x2  
  108  10:02  Roach  
  108  10:03  Roach  
  113  10:07  Ravager  
  113  10:19  Overlord x2, Drone  
  113  10:20  Overlord, Extractor  
  113  10:24  Overlord  
  113  10:29  Overlord  
  113  10:33  Overlord  
  110  10:42  Roach x2  
  109  10:43  Roach x6  
  109  10:49  Roach x2  
  116  10:55  Roach x2  
  104  11:04  Roach x2  
  104  11:05  Roach  
  104  11:08  Roach  
  104  11:11  Roach  
  106  11:18  Drone x3  
  107  11:19  Drone  
  107  11:21  Drone  
  107  11:23  Drone  
  110  11:27  Drone  
  109  11:40  Roach x3  
  109  11:41  Roach  
  109  11:46  Overseer, Ravager  
  118  11:47  Roach  
  118  11:49  Roach  
  118  11:52  Roach  
  124  11:58  Roach x2  
  128  12:02  Overlord, Ravager  
  128  12:05  Ravager x2  
  128  12:07  Roach  
  133  12:11  Roach  
  133  12:13  Roach  
  129  12:19  Roach x2  
  112  12:23  Roach x2  
  112  12:26  Roach  
  112  12:29  Roach  
  96  12:31  Roach  
  96  12:35  Roach  
  81  12:39  Roach  
  81  12:41  Roach  
  83  12:44  Roach  
  83  12:46  Ravager  
  83  12:48  Roach x2  
  88  12:55  Roach x2  
  88  12:57  Roach  
  94  12:58  Roach  
  94  13:03  Roach  
  100  13:05  Roach  
  100  13:09  Overlord  
  102  13:13  Roach x2  
  102  13:16  Ravager  
  102  13:18  Overlord  

Tags
 
Add a new tag
Caveats
  • Supply blocks, unpowered buildings, or Contaminate may cause inaccurate times.
  • Supply counts are checked every 10 seconds.